 Dungeon Crawl Stone Soup version 0.24.0-13-gcf9b319 (webtiles) character file.

Game seed: 8411830042616621079, levelgen mode: deterministic

58 Ekaitz the Conjurer (level 3, -1/28 HPs)
             Began as a Draconian Conjurer on Nov 29, 2019.
             Slain by a hobgoblin
             ... wielding a +0 club
              (3 damage)
             ... on level 2 of the Dungeon.
             The game lasted 00:05:48 (1291 turns).

Ekaitz the Conjurer (Draconian Conjurer)            Turns: 1291, Time: 00:05:49

Health: -1/28      AC:  7    Str: 10    XL:     3   Next: 76%
Magic:  0/6        EV: 12    Int: 15    God:
Gold:   61         SH:  0    Dex: 12    Spells: 0/6 levels left

rFire    . . .     SeeInvis .   (no weapon)
rCold    . . .     Gourm    .   (no shield)
rNeg     . . .     Faith    .   (armour unavailable)
rPois    .         Spirit   .   (helmet restricted)
rElec    .         Reflect  .   f - +1 cloak
rCorr    .         Harm     .   (no gloves)
MR       .....                  (no boots)
Stlth    ++........             (no amulet)
HPRegen  0.09/turn              (no ring)
MPRegen  0.10/turn              (no ring)

@: very slightly contaminated
A: unfitting armour, cold-blooded, AC +5
a: no special abilities


You were on level 2 of the Dungeon.
You were hungry.

You visited 1 branch of the dungeon, and saw 2 of its levels.

You collected 61 gold pieces.

Inventory:

Hand Weapons
 h - a +3 hunting sling
Missiles
 j - 24 stones (quivered)
 k - 11 sling bullets
Armour
 f - a +1 cloak (worn)
Scrolls
 a - 2 scrolls of remove curse {unknown}
 c - a scroll of magic mapping {unknown}
 d - 2 scrolls of identify {unknown}
 g - a scroll of enchant weapon {unknown}
Potions
 e - a potion of haste {unknown}
 i - a potion of ambrosia {unknown}
 l - a potion of curing {unknown}
Comestibles
 b - 3 rations
 m - a chunk of flesh


   Skills:
 * Level 1.2 Fighting
 + Level 1.9 Dodging
 + Level 1.8 Stealth
 + Level 0.2 Unarmed Combat
 + Level 2.2 Spellcasting
 + Level 4.9 Conjurations


You couldn't memorise any spells.
You knew the following spells:

 Your Spells              Type           Power        Failure   Level  Hunger
a - Magic Dart            Conj           ###.         2%          1    #......
b - Searing Ray           Conj           ###...       4%          2    ###....
c - Dazzling Spray        Conj/Hex       #.....       24%         3    ###....

Your spell library contained the following spells:

 Spells                   Type           Power        Failure   Level  Hunger
 Iskenderun's Mystic Bla  Conj           ###.....     28%         4    #####..
 Force Lance              Conj/Tloc      #.......     61%         4    #####..
 Fulminant Prism          Conj/Hex       #.........   61%         4    #####..


Dungeon Overview and Level Annotations

Branches:
Dungeon (2/15)

Altars:


Innate Abilities, Weirdness & Mutations

Your plain brown scales are hard. (AC +5)
You cannot fit into any form of body armour.
You are cold-blooded and may be slowed by cold attacks.


Message History

You closely miss the hobgoblin.
The hobgoblin is heavily wounded.
The quokka bites you but does no damage.
The hobgoblin hits you but does no damage.
Unknown command.
You barely miss the quokka.
The quokka is almost dead.
The quokka bites you but does no damage.
The hobgoblin hits you with a +0 club.
* * * LOW HITPOINT WARNING * * *
Unknown command.
You closely miss the quokka.
The quokka is almost dead.
The quokka closely misses you. The hobgoblin barely misses you.
The quokka bites you but does no damage.
Unknown command.
You hit the quokka but do no damage.
The quokka is almost dead.
The hobgoblin hits you with a +0 club.
You die...

†###.#...... .. >..#
.....##...... . ...... ##...#
...... .#...%.
#.#.###....###...#..##
##.#.<..##....##......##
....###.#........##...)#
.....##.#. #............
......#... #..r.g......
.........# #..(@.......
.........####........#........#
.....................#.......<#
..........(...................#
......#..####.................#
..........###.................#
.......##..##........#........
......###........#####..##...##
......# ##..##.......
.....#..###


You could see a quokka and a hobgoblin.

Vanquished Creatures
  An adder (D:2)
  2 oozes (D:1)
  A leopard gecko (D:2)
  A giant cockroach (D:2)
  3 goblins
  6 hobgoblins
  7 jackals (D:2)
  A ball python (D:1)
  6 bats
  7 frilled lizards
  6 rats
41 creatures vanquished.

Notes
Turn   | Place    | Note
-------+----------+-------------------------------------------
     0 | D:1      | Ekaitz the Draconian Conjurer began the quest for the Orb.
     0 | D:1      | Reached XP level 1. HP: 14/14 MP: 3/3
   450 | D:1      | Reached XP level 2. HP: 18/20 MP: 1/5
   454 | D:1      | Learned a level 2 spell: Searing Ray
   721 | D:1      | Reached skill level 1 in Fighting
   873 | D:2      | Reached XP level 3. HP: 27/28 MP: 3/6
   894 | D:2      | Learned a level 3 spell: Dazzling Spray
  1222 | D:2      | Found a faded altar of an unknown god.
  1291 | D:2      | Slain by a hobgoblin

Levels and vault maps discovered:
D:1:      onia_arrival_handbag, layout_basic
D:2:      layout_rooms, first_ration, chequers_ecumenical_altar_twisty,
          minmay_lizard_king

Skill      XL: |  1  2 |
---------------+-------+-----
Fighting       | 1 |  1.2
Dodging        | |  1.9
Stealth        | |  1.8
Unarmed Combat | |  0.2
Spellcasting   | |  2.2
Conjurations   | |  4.9

Action                   || total
-------------------------++-------
Melee: Unarmed           ||    82
       Tailslap          ||    10
 Cast: Magic Dart        ||    35
       Searing Ray       ||    11
       Dazzling Spray    ||     1
  Eat: Chunk             ||     2
Armor: Skin              ||    43
Dodge: Dodged            ||    66
